 Dungeon Crawl Stone Soup version 0.19.1 (webtiles) character file.

681165 M4edhros the Anointer (level 27, -18/237 HPs)
             Began as an Octopode Necromancer on Dec 20, 2016.
             Was the Champion of Cheibriados.
             Killed from afar by Antaeus (40 damage)
             ... with a flash freeze
             ... on level 7 of Cocytus on Dec 22, 2016.
             The game lasted 04:19:01 (33225 turns).

M4edhros the Anointer (Octopode Necromancer)       Turns: 33225, Time: 04:19:08

Health: -18/237    AC: 33    Str: 24      XL:     27
Magic:  8/42       EV: 33    Int: 49 (50) God:    Cheibriados [******]
Gold:   3705       SH: 40    Dex: 44 (45) Spells: 11 memorised, 5 levels left

rFire  + + .     SeeInvis +       - Unarmed
rCold  + + +     Gourm    .     h - +7 large shield
rNeg   + + +     Faith    .     X - +2 hat {MR+}
rPois  ∞         Spirit   .     f - +3 amulet of reflection
rElec  +         Reflect  +     J - ring "Molod Mynk" {Ice rElec rPois rN+ MR++ Dex-2}
rCorr  +         Harm     .     D - ring of Fun {rC++ AC-3 Str+3 Stlth-}
MR     +++++     Rnd*Rage +     W - ring of Temptation {rPois rF+ rN+ Str-4 Stlth+}
Stlth  +++++++++.               z - ring "Poeckirgh" {rCorr rF+ Dex+4}
                                d - +6 ring of intelligence
                                P - ring "Vomas" {Fire Int+4}
                                o - ring of Kehumi Topp {rC+ rN++ Int+6 Dex-3 SInv}
                                B - ring "Buvolit" {Int+2 Dex+8 Stlth+}

@: statue-form, very slightly contaminated, regenerating, very slow
A: almost no armour, stealthy swim, amphibious, 8 rings, constrict 8, tentacle
spike 1, (icy blue scales 0), large bone plates 1, camouflage 1, berserk 1,
deterioration 1, mutation resistance 1, sense surroundings 2, (shaggy fur 0),
wild magic 1, (gelatinous body 0)
a: End Transformation, Bend Time, Temporal Distortion, Slouch, Step From Time,
Renounce Religion
}: 5/15 runes: barnacled, slimy, silver, bone, gossamer


You were on level 7 of Cocytus.
You worshipped Cheibriados.
Cheibriados was exalted by your worship.
You were not hungry.
You were a stone statue.
You visited 14 branches of the dungeon, and saw 68 of its levels.
You also visited: Ossuary and Ice Cave.

You collected 5573 gold pieces.
You spent 1868 gold pieces at shops.

Inventory:

Hand Weapons
 T - a +4 blowgun
Missiles
 L - 11 throwing nets (quivered)
 Z - 9 curare-tipped needles
Armour
 h - a +7 large shield (worn)
 X - a +2 hat of magic resistance (worn)
Rods
 k - a +3 rod of clouds (11/11)
   (You found it on level 7 of Tartarus)
 v - a +3 rod of shadows (11/11)
   (You found it on level 4 of the Depths)
 U - a +4 rod of shadows (8/15)
   (You took it off a deep elf high priest on level 3 of the Elven Halls)
Jewellery
 d - a +6 ring of intelligence (on tentacle)
 f - a +3 amulet of reflection (around mantle)
 o - the ring of Kehumi Topp (on tentacle) {rC+ rN++ Int+6 Dex-3 SInv}
   (You found it on level 2 of the Depths)

   [ring of intelligence]

   It affects your intelligence (+6).
   It affects your dexterity (-3).
   It protects you from cold.
   It greatly protects you from negative energy.
   It lets you see invisible.
 p - an uncursed amulet of regeneration
 t - a +5 ring of strength
 z - the ring "Poeckirgh" (on tentacle) {rCorr rF+ Dex+4}
   (You found it on level 4 of the Depths)

   [ring of resist corrosion]

   It affects your dexterity (+4).
   It protects you from fire.
 B - the ring "Buvolit" (on tentacle) {Int+2 Dex+8 Stlth+}
   (You took it off a deep elf elementalist on level 3 of the Elven Halls)

   [ring of stealth]

   It affects your intelligence (+2).
   It affects your dexterity (+8).
   It makes you more stealthy.
 D - the ring of Fun (right tentacle) {rC++ AC-3 Str+3 Stlth-}
   (You took it off a naga mage on level 2 of the Depths)

   [ring of protection]

   It affects your AC (-3).
   It affects your strength (+3).
   It greatly protects you from cold.
   It makes you less stealthy.
 I - an uncursed ring of wizardry
 J - the ring "Molod Mynk" (left tentacle) {Ice rElec rPois rN+ MR++ Dex-2}
   (You found it on level 5 of the Pits of Slime)

   [ring of ice]

   It enhances your ice magic.
   It affects your dexterity (-2).
   It makes you vulnerable to fire.
   It protects you from cold.
   It insulates you from electricity.
   It protects you from poison.
   It protects you from negative energy.
   It affects your resistance to hostile enchantments.
 P - the ring "Vomas" (on tentacle) {Fire Int+4}
   (You found it on level 5 of the Pits of Slime)

   [ring of fire]

   It enhances your fire magic.
   It affects your intelligence (+4).
   It protects you from fire.
   It makes you vulnerable to cold.
 W - the ring of Temptation (on tentacle) {rPois rF+ rN+ Str-4 Stlth+}
   (You found it on level 2 of the Depths)

   [ring of stealth]

   It affects your strength (-4).
   It protects you from fire.
   It protects you from poison.
   It protects you from negative energy.
   It makes you more stealthy.
Wands
 e - a wand of acid (7/15)
 i - a wand of teleportation (5/9)
 n - a wand of iceblast (6/15)
 r - a wand of teleportation (9/9)
 M - a wand of disintegration (12/24)
Scrolls
 q - 4 scrolls of teleportation
 u - 7 scrolls of fog
 y - 3 scrolls of torment
 C - 4 scrolls of magic mapping
 F - 3 scrolls of blinking
 K - a scroll of amnesia
 S - 5 scrolls of fear
Potions
 a - 10 potions of curing
 j - 4 potions of cancellation
 s - 8 potions of ambrosia
 w - 6 potions of resistance
 E - 3 potions of might
 N - 2 potions of agility
 Q - 2 potions of invisibility
 R - a potion of heal wounds
 V - 4 potions of lignification
 Y - 3 potions of magic
Books
 g - a book of the Sky

   Spells                             Type                      Level
   a - Summon Lightning Spire         Summoning/Air                4
   b - Airstrike                      Air                          4
   c - Silence                        Hexes/Air                    5
   d - Deflect Missiles               Charms/Air                   6
   e - Conjure Ball Lightning         Conjuration/Air              6
   f - Tornado                        Air                          9
Miscellaneous
 c - the horn of Geryon (inert)
 l - a disc of storms
 m - 2 phantom mirrors
 G - a lamp of fire
 H - 3 boxes of beasts
 O - a fan of gales
Comestibles
 b - 21 bread rations
 x - 17 fruits
 A - 14 beef jerkies


   Skills:
 + Level 14.0 Fighting
 * Level 15.3 Dodging
 - Level 14.1 Stealth
 - Level 19.6 Shields
 * Level 17.2 Unarmed Combat
 - Level 15.0 Spellcasting
 - Level 3.5 Conjurations
 - Level 20.2 Charms
 - Level 6.4 Necromancy
 + Level 16.3 Translocations
 - Level 13.1 Transmutations
 - Level 10.8 Air Magic
 - Level 14.4 Earth Magic
 - Level 8.2 Invocations
 - Level 11.7 Evocations


You had 5 spell levels left.
You knew the following spells:

 Your Spells              Type           Power        Failure   Level  Hunger
a - Summon Lightning Spi  Summ/Air       #######.     2%          4    None
b - Summon Forest         Summ/Tloc      ########..   2%          5    None
c - Regeneration          Chrm/Necr      ########..   1%          3    None
d - Passage of Golubria   Tloc           N/A          1%          4    None
e - Controlled Blink      Tloc           N/A          17%         8    ###....
f - Animate Dead          Necr           N/A          1%          4    None
g - Mephitic Cloud        Conj/Pois/Air  #######.     1%          3    None
h - Statue Form           Tmut/Erth      ########.    1%          6    None
i - Shroud of Golubria    Chrm/Tloc      ########..   1%          2    None
j - Deflect Missiles      Chrm/Air       ########..   1%          6    None
k - Iron Shot             Conj/Erth      ########..   10%         6    None


Dungeon Overview and Level Annotations

Branches:
Dungeon (15/15)            Temple (1/1) D:7            Lair (6/6) D:11
 Shoals (4/4) Lair:2       Spider (4/4) Lair:3        Slime (5/5) Lair:5
    Orc (2/2) D:9             Elf (3/3) Orc:2        Vaults (5/5) D:13
  Crypt (3/3) Vaults:3     Depths (5/5) D:15           Hell (1/1)
    Dis (0/7) Hell            Coc (7/7) Hell            Tar (7/7) Hell
    Zot (0/5) Depths:5
   Tomb: Crypt:3        Geh: Hell:1

Altars:
Ashenzari
Cheibriados
Dithmenos
Gozag
Hepliaklqana
Kikubaaqudgha
Makhleb
Nemelex Xobeh
Okawaru
Qazlal
Ru
Trog
Vehumet
Xom
Yredelemnul
Zin
Jiyva

Shops:
Orc:2 :*??   Elf:1 =!   Depths:2 :[}   Depths:3 [(

Portals:
Hell: Depths:1 Depths:2 Depths:3 Depths:4 Depths:5
Abyss: Depths:2
Ziggurat: Depths:3
Trove: D:12 (give +6 demon whip)

Annotations:
D:3 Robin
D:4 grinder and cat and bear, lupus83's ghost, novice KoHu
Shoals:3 Bai Suzhen
Coc:7 Antaeus


Innate Abilities, Weirdness & Mutations

You cannot wear most types of armour.
You are very stealthy in the water. (Stealth+)
You are amphibious.
You can wear up to eight rings at the same time.
You can use your tentacles to constrict eight enemies at once.
Your skin changes colour to match your surroundings (Stealth+).
((Your rubbery body absorbs attacks. (AC +1, EV +1)))
One of your tentacles bears a spike.
((You are mostly covered in icy blue scales. (AC +3)))
(You are partially covered in large bone plates. (SH +4))
You tend to lose your temper in combat.
Your body sometimes deteriorates upon taking damage.
You are somewhat resistant to further mutation.
You passively map the area around you.
((You are covered in fur. (AC +1)))
Your spells are a little harder to cast, but a little more powerful.


Message History

Antaeus freezes you! You resist.
* * * LOW HITPOINT WARNING * * *
Blink to where?
Press: ? - help, Dir - move target cursor, p - Antaeus You are very lightly contaminated with residual magic.
As you read the scroll of blinking, it crumbles to dust.
Antaeus gestures at you.
The flash freeze reflects off an invisible shield around you!
The flash freeze misses Antaeus.
You feel much better.
Something bites Antaeus!
Something tramples Antaeus but does no damage.
Antaeus gestures at something.
Casting: Iron Shot
Confirm with . or Enter, or press ? or * to list all spells.
Your skin crawls.
Antaeus roars, "Thy head shall be my supper!"
Antaeus looks more healthy.
Antaeus gestures at you. The flash freeze hits you! You partially resist.
You die...

.......#####'#*##..≈≈#
........##,,,,,,#..≈≈#
.........##,,,,,#C.≈≈#
≈≈≈≈......##,,,,#..≈≈#
≈≈≈≈≈≈≈≈)..##,,,#.≈≈≈#
≈≈≈≈≈≈≈≈≈≈).##,,#.≈≈≈#
≈≈≈≈≈≈≈≈≈≈≈..####.≈≈≈#
≈≈≈≈≈≈≈≈≈≈≈≈..##..≈≈≈#
≈≈≈≈≈≈≈†≈≈≈≈..).8.≈≈≈#
≈≈≈≈≈≈≈≈≈≈≈≈.....≈≈≈≈#
≈≈≈≈≈≈≈≈≈≈≈≈.....≈≈≈≈#
≈≈≈≈≈≈≈≈≈≈≈≈≈....≈≈≈≈#
≈≈≈≈≈≈≈≈≈≈≈≈≈≈..≈≈≈≈≈#
≈≈≈≈≈≈≈≈≈≈≈≈≈≈..≈≈≈≈≈#
≈≈≈≈..≈≈≈≈≈≈≈≈≈.≈≈≈≈≈#
≈≈≈....≈≈≈≈≈≈≈≈.≈≈≈≈≈#
≈≈...≈≈≈≈≈≈≈≈≈≈.≈≈≈≈≈#


You could see Antaeus.

Vanquished Creatures
  the Royal Jelly (Slime:5)
  Ereshkigal (Tar:7)
  An ancient lich (Crypt:3)
  Mennas (Vaults:3)
  A juggernaut (Depths:5)
  9 shard shrikes
  Boris (Depths:4)
  Saint Roka (Depths:1)
  2 golden dragons
  The ghost of eXcel the Eclecticist, an adept GrEE of Vehumet (Vaults:2)
  Geryon (Hell)
  Arachne (Spider:2)
  Jorgrun (Vaults:3)
  6 doom hounds
  A hellephant (Depths:1)
  5 bone dragons
  8 titans
  20 Tzitzimimeh
  8 liches
  6 tentacled monstrosities
  6 Ice Fiends
  A deep elf blademaster (Elf:3)
  A quicksilver dragon (Vaults:5)
  An ancient champion (Depths:2)
  13 acid blobs
  5 sphinxes
  Polyphemus (Shoals:3)
  The ghost of donomii the Victor of a Thousand Battles, an adept TrMo of Okawaru (Shoals:4)
  An eldritch tentacle (Tar:1)
  The ghost of droidenko the Peltast, an adept MiFi of Okawaru (Spider:1)
  9 shadow dragons
  9 tengu reavers
  A storm dragon (Vaults:5)
  Ilsuiw (Shoals:4)
  Donald (Elf:2)
  4 azure jellies (Slime:5)
  12 fire giants
  7 deep elf sorcerers
  An azure jelly (shapeshifter) (Vaults:5)
  12 frost giants
  A draconian zealot (Depths:5)
  A draconian shifter (Depths:5)
  5 ghost moths
  A balrug (Hell)
  4 emperor scorpions
  14 vault wardens
  4 deep elf elementalists
  4 ghouls
  13 ironheart preservers
  A cacodemon (Hell)
  3 elemental wellsprings
  3 spriggan defenders
  10 very ugly things
  35 reapers
  24 stone giants
  An entropy weaver (Spider:4)
  6 war gargoyles
  11 deep elf annihilators
  3 vampire knights
  A large abomination (Elf:3)
  3 red draconians (Depths:5)
  4 spark wasps
  A yellow draconian (Depths:5)
  2 black draconians (Depths:4)
  5 deep elf demonologists
  A lorocyproca (Hell)
  2 white draconians
  A mottled draconian (Depths:5)
  A spark wasp (shapeshifter) (Vaults:5)
  8 blizzard demons
  2 eidola
  4 merfolk javelineers (Shoals:4)
  5 deep elf death magi
  10 ettins
  2 crystal guardians (Crypt:3)
  8 death oozes
  2 jiangshi (Depths:5)
  A quicksilver dragon zombie (Crypt:3)
  10 yaktaur captains
  A spectral kraken (Tar:7)
  A minotaur (Depths:4)
  8 deep elf high priests
  11 rakshasas
  A kraken zombie (Coc:7)
  8 fire dragons
  13 great orbs of eyes
  7 merfolk impalers
  26 ice dragons
  14 ogre magi
  4 spriggan air magi
  42 vault guards
  5 hydras
  A ghost crab (Tar:1)
  3 catoblepae
  A quicksilver dragon skeleton (Tar:7)
  An alligator snapping turtle (Shoals:4)
  8 dancing weapons
  4 death knights
  A satyr (Shoals:3)
  3 merfolk aquamancers
  4 death yaks
  2 vampire magi (Depths:5)
  10 centaur warriors
  3 hell hogs (Hell)
  8 deep troll shamans
  A death yak (shapeshifter) (Vaults:1)
  5 tengu warriors
  4 orc high priests
  A satyr (shapeshifter) (D:15)
  13 deep troll earth magi
  3 titan zombies
  The ghost of sheala the Thaumaturge, a journeyman DEEn of Sif Muna (D:11)
  A naga sharpshooter (Depths:2)
  Urug (Lair:2)
  2 spriggans
  3 spriggan berserkers
  9 sun demons
  2 iron trolls
  12 deep elf knights
  20 soul eaters
  A storm dragon zombie (Coc:7)
  85 skeletal warriors
  A small abomination (Elf:3)
  4 titan skeletons
  A golden dragon zombie (Crypt:3)
  21 hell knights
  19 shadow demons
  2 storm dragon skeletons
  8 sea snakes
  6 shadow wraiths
  A ghost moth zombie (Coc:3)
  29 deep trolls
  3 flayed ghosts
  6 wizards
  3 glowing orange brains
  The ghost of kwasso the Magician, a novice HEWz of Sif Muna (D:9)
  10 anaconda zombies
  2 lindwurms (Lair:5)
  5 anaconda skeletons
  12 deep elf archers
  8 hill giants
  4 unseen horrors
  A kraken simulacrum (Shoals:4)
  11 orc knights
  4 wolf spider zombies
  16 ironbrand convokers
  A harpy (shapeshifter) (Vaults:3)
  2 shadow dragon zombies
  8 phantasmal warriors
  20 necromancers
  14 harpies
  8 orb spiders
  53 deep elf magi
  An iron dragon zombie (Hell)
  3 frost giant zombies
  6 fauns
  3 fire giant zombies
  A shining eye (Slime:1)
  32 ugly things
  28 wolf spiders
  7 orc sorcerers
  3 stone giant zombies
  4 cyclopes
  4 shadow dragon skeletons
  6 manticores
  A moth of wrath (shapeshifter) (Depths:3)
  2 iron dragon skeletons
  6 sirens
  3 fire giant skeletons
  2 moths of wrath (Spider:4)
  3 stone giant skeletons
  6 black mambas
  20 elephants
  A rust devil (Depths:4)
  2 frost giant skeletons
  4 water nymphs
  2 ice statues (Hell)
  3 eyes of devastation (Slime:5)
  A guardian serpent (shapeshifter) (Elf:3)
  2 naga magi (Depths:4)
  2 torpor snails
  A smoke demon (Hell)
  8 vault sentinels
  2 molten gargoyles
  An orange demon (Hell)
  4 spiny frogs
  3 centaur skeletons
  2 titan simulacra (Coc:7)
  A dire elephant skeleton (Coc:1)
  2 spiny frogs (shapeshifter)
  6 spectral swamp worms (Tar:7)
  22 freezing wraiths
  7 tormentors
  An efreet (Depths:4)
  14 ice devils
  35 yaktaurs
  11 demonic crawlers
  5 rime drakes
  A hellion (Hell)
  6 komodo dragons
  An anaconda simulacrum (Hell)
  2 red devils (Hell)
  15 merfolk
  4 hydra zombies
  14 trolls
  2 tengu conjurers (Depths:1)
  3 meliai (Spider:3)
  2 meliai (shapeshifter)
  13 polar bears
  25 jumping spiders
  A harpy zombie (D:15)
  A catoblepas skeleton (Crypt:3)
  2 wind drakes
  14 blink frogs
  8 hornets
  Grinder (D:4)
  20 two-headed ogres
  8 hydra skeletons
  4 ice dragon zombies
  4 alligator zombies
  53 slime creatures
  9 hippogriffs
  A harpy skeleton (Coc:2)
  3 fire dragon zombies
  6 snapping turtles
  A fire giant simulacrum (Depths:2)
  4 dream sheep
  An iron dragon simulacrum (Crypt:2)
  A stone giant simulacrum (Vaults:1)
  2 ettin zombies
  40 redbacks
  49 flying skulls
  9 air elementals
  10 shadows
  A frost giant simulacrum (Coc:1)
  3 fire dragon skeletons
  A spriggan (shapeshifter) (Depths:3)
  24 water elementals
  3 ice dragon skeletons
  27 tarantellas
  8 wyverns
  An ettin skeleton (Tar:1)
  9 wraiths
  41 orc warriors
  49 yaks
  A dire elephant simulacrum (Crypt:2)
  2 basilisks
  5 fire elementals
  3 vampire mosquitoes (D:14)
  6 hungry ghosts
  A catoblepas simulacrum (Crypt:2)
  5 mottled dragons
  6 wargs
  A hydra simulacrum (Coc:5)
  6 spiny frog zombies
  4 hell hounds (Lair:6)
  3 floating eyes
  9 water moccasins
  3 porcupines
  A merfolk skeleton (Tar:7)
  15 ice beasts
  4 sky beasts
  A swamp dragon zombie (Coc:2)
  5 black bears
  A spiny frog skeleton (Hell)
  An ice dragon simulacrum (Coc:7)
  2 phantoms
  3 boggarts
  2 eyes of draining
  4 snapping turtle zombies
  56 ogres
  12 necrophages
  6 centaurs
  5 crocodiles
  12 wolves
  A manticore skeleton (Coc:1)
  A crocodile (shapeshifter) (Depths:5)
  3 snapping turtle skeletons
  A yaktaur zombie (Crypt:2)
  11 bullfrogs
  A rime drake skeleton (Crypt:2)
  3 big kobolds
  A merfolk simulacrum (Coc:7)
  6 earth elementals
  An elf skeleton (Coc:2)
  5 scorpions
  3 wights (Coc:1)
  A human simulacrum (Vaults:1)
  6 killer bees (D:9)
  5 electric eels
  8 crimson imps
  4 howler monkeys
  A lava snake (Lair:6)
  4 centaur zombies
  A quasit (D:6)
  2 bullfrog zombies
  5 hounds
  6 jellies
  19 orc wizards
  16 orc priests
  4 bullfrog skeletons
  Ijyb (D:3)
  6 iguanas
  A hell rat (Hell)
  Natasha (thrice) (D:4)
  14 worker ants
  A big kobold zombie (Ossuary)
  A deep dwarf skeleton (Crypt:2)
  A naga skeleton (Crypt:2)
  2 hound skeletons
  A hound zombie (D:5)
  5 mummies
  A worker ant zombie (D:5)
  3 adders
  7 shadow imps
  10 white imps
  2 oozes
  2 worms
  2 dart slugs
  2 leopard geckos
  78 orcs
  7 bats
  6 giant cockroaches
  7 goblins
  9 hobgoblins
  4 jackals (D:6)
  2 quokkas
  A ball python (D:3)
  A frilled lizard (D:2)
  2 hobgoblin zombies (Ossuary)
  10 kobolds
  An orc skeleton (Crypt:2)
  A quokka skeleton (D:7)
  13 rats
  A bush (Lair:2)
  A fungus (Lair:5)
  6 tentacles
2328 creatures vanquished.

Vanquished Creatures (collateral kills)
  A shard shrike (Coc:7)
  A caustic shrike (Depths:3)
  Gastronok (Lair:2)
  A sphinx (Vaults:4)
  A shadow dragon (Vaults:5)
  A fire giant (Depths:3)
  A frost giant (Depths:1)
  3 emperor scorpions
  A spriggan defender (Depths:3)
  2 reapers
  An entropy weaver (Spider:1)
  An ironheart preserver (Vaults:5)
  A red draconian (Depths:5)
  A deep elf death mage (Vaults:5)
  2 ettins
  A merfolk javelineer (Shoals:4)
  A merfolk impaler (Shoals:4)
  A death ooze (Slime:5)
  2 yaktaur captains
  2 great orbs of eyes
  A vault guard (D:13)
  An ice dragon (Coc:7)
  A hydra (Lair:6)
  3 ogre magi
  5 merfolk aquamancers (Shoals:4)
  2 dancing weapons
  A death yak (Shoals:3)
  A deep troll shaman (Depths:3)
  A sun demon (Depths:4)
  A deep elf knight (Depths:4)
  2 soul eaters (Hell)
  4 skeletal warriors
  2 hell knights
  2 deep trolls
  A storm dragon skeleton (Coc:5)
  A sea snake (Shoals:4)
  A deep elf archer (Vaults:1)
  An ironbrand convoker (Vaults:3)
  A phantasmal warrior (Depths:4)
  A lindwurm (Lair:6)
  A necromancer (Depths:2)
  6 wolf spiders
  8 orb spiders
  2 ugly things
  A deep elf mage (Elf:1)
  A salamander (Depths:2)
  3 cyclopes
  2 manticores (Shoals:4)
  4 shining eyes
  7 elephants
  2 black mambas (Lair:6)
  2 vault sentinels
  3 sirens (Shoals:4)
  2 molten gargoyles (Lair:6)
  A spriggan zombie (Depths:2)
  2 naga magi
  2 water nymphs (Shoals:4)
  An orange demon (Hell)
  3 spiny frogs
  4 yaktaurs
  3 rime drakes
  3 komodo dragons
  A hellion (Tar:2)
  A kobold demonologist (D:8)
  A yaktaur (shapeshifter) (Vaults:5)
  3 demonic crawlers
  A harpy zombie (Coc:5)
  4 ice devils
  A red devil (Hell)
  5 jumping spiders
  4 trolls (Orc:2)
  3 polar bears
  11 merfolk
  3 blink frogs (Lair:6)
  A hornet (Depths:3)
  An alligator zombie (Coc:7)
  A hydra skeleton (Coc:7)
  An ice dragon zombie (Coc:7)
  6 slime creatures
  A wind drake (Shoals:4)
  3 hippogriffs
  A snapping turtle (Lair:2)
  An ettin skeleton (Coc:5)
  A shadow (Tar:2)
  7 tarantellas
  19 redbacks
  A spriggan (Depths:3)
  A wyvern (Lair:6)
  4 water elementals
  4 yaks
  4 basilisks (Lair:6)
  A steam dragon (Lair:6)
  4 wargs
  A naga (Depths:2)
  A hell hound (Lair:6)
  2 water moccasins
  A spiny frog zombie (Coc:7)
  2 porcupines
  2 orc warriors
  7 wolves
  An eye of draining (Slime:5)
  10 ogres
  4 crocodiles
  A centaur (D:5)
  An earth elemental (Elf:1)
  4 bullfrogs
  A wyvern zombie (D:8)
  3 electric eels
  3 lava snakes (Lair:6)
  3 orc priests
  5 orc wizards
  A hell rat (Hell)
  A big kobold zombie (Ossuary)
  2 mummies (Ossuary)
  12 orcs
  3 kobolds (D:8)
  A quokka skeleton (D:5)
  2 fungi
  4 plants
  A tentacle (Shoals:4)
301 creatures vanquished.

Vanquished Creatures (others)
  2 deep elf master archers (Elf:3)
  2 eldritch tentacles (Tar:1)
  An elemental wellspring (Coc:7)
  A war gargoyle (Vaults:5)
  A stone giant (Depths:5)
  2 merfolk javelineers
  3 yaktaur captains
  11 deep elf archers
  A deep elf mage (Vaults:4)
  2 fauns (Shoals:3)
  11 yaktaurs
  A red devil (Hell)
  A demonic crawler (Hell)
  4 polar bears
  A troll (Elf:1)
  A two-headed ogre (Vaults:5)
  A hippogriff (Lair:5)
  A snapping turtle (Shoals:4)
  2 flying skulls (Coc:7)
  A water elemental (Hell)
  An orc warrior (D:8)
  2 wolves (IceCv)
  An orc (Elf:1)
  22 fungi
  34 plants
  2 snaplasher vines (Coc:5)
  9 tentacles
  6 toadstools (Lair:5)
127 creatures vanquished.

Grand Total: 2756 creatures vanquished

Notes
Turn   | Place    | Note
-------+----------+-------------------------------------------
     0 | D:1      | M4edhros the Octopode Necromancer began the quest for the Orb.
     0 | D:1      | Reached XP level 1. HP: 11/11 MP: 3/3
    57 | D:1      | Reached skill level 1 in Unarmed Combat
    94 | D:1      | Reached XP level 2. HP: 5/17 MP: 0/5
   355 | D:3      | Found a sparkling altar of Nemelex Xobeh.
   401 | D:3      | Reached XP level 3. HP: 3/21 MP: 4/6
   405 | D:3      | Learned a level 1 spell: Animate Skeleton
   409 | D:3      | Learned a level 3 spell: Regeneration
   460 | D:3      | Noticed Ijyb
   461 | D:3      | Noticed Robin
   665 | D:2      | Found a basalt altar of Yredelemnul.
   930 | D:4      | Reached XP level 4. HP: 5/27 MP: 1/7
  1009 | D:4      | Noticed Grinder
  1091 | D:4      | Found a sand-covered staircase.
  1100 | D:5      | Entered Level 5 of the Dungeon
  1100 | D:5      | Found a shimmering altar of Xom.
  1100 | D:5      | Noticed a sky beast
  1135 | Ossuary  | Entered an ossuary
  1167 | Ossuary  | Reached XP level 5. HP: 20/31 MP: 3/8
  1296 | Ossuary  | Reached skill level 5 in Unarmed Combat
  1322 | Ossuary  | Reached XP level 6. HP: 36/36 MP: 1/9
  1458 | D:4      | Noticed Natasha
  1505 | D:4      | Noticed a black bear
  1568 | D:5      | Killed a sky beast
  1596 | D:5      | Gained mutation: You are partially covered in large bone plates. (SH +4) [mutagenic meat]
  1597 | D:5      | Gained mutation: Your mind is acute. (Int +2) [mutagenic meat]
  1598 | D:5      | Gained mutation: You are weak. (Str -2) [mutagenic meat]
  1599 | D:5      | Lost mutation: You are weak. (Str -2) [mutagenic meat]
  1600 | D:5      | Gained mutation: You are agile. (Dex +2) [mutagenic meat]
  1661 | D:5      | Noticed a phantom
  1675 | D:5      | Killed a phantom
  1675 | D:5      | Reached XP level 7. HP: 24/41 MP: 3/10
  1870 | D:6      | Found a burning altar of Makhleb.
  1940 | D:6      | Reached skill level 1 in Fighting
  1940 | D:6      | Reached XP level 8. HP: 34/48 MP: 6/11
  2453 | D:7      | Found a staircase to the Ecumenical Temple.
  2462 | Temple   | Entered the Ecumenical Temple
  2526 | Temple   | Became a worshipper of Cheibriados the Contemplative
  2610 | D:7      | Noticed a hippogriff
  2625 | D:7      | HP: 2/79 [hippogriff (3)]
  2626 | D:7      | Killed a hippogriff
  2626 | D:7      | Reached skill level 5 in Stealth
  2626 | D:7      | Reached XP level 9. HP: 2/58 MP: 6/12
  2818 | D:5      | Learned a level 1 spell: Sandblast
  2870 | D:5      | Reached skill level 5 in Dodging
  3025 | D:4      | Noticed lupus83's ghost (novice KoHu)
  3044 | D:5      | Reached skill level 5 in Fighting
  3167 | D:4      | Killed Grinder
  3226 | D:4      | Reached * piety under Cheibriados
  3252 | D:4      | Killed Natasha
  3258 | D:4      | Noticed Natasha
  3263 | D:4      | Killed Natasha
  3290 | D:3      | Killed Ijyb
  3516 | D:4      | Noticed Natasha
  3521 | D:4      | Killed Natasha
  3654 | D:7      | Gained mutation: You are partially covered in icy blue scales. (AC +2) [mutagenic meat]
  3655 | D:7      | Gained mutation: You possess an exceptional clarity of mind. [mutagenic meat]
  3656 | D:7      | Gained mutation: You are weak. (Str -2) [mutagenic meat]
  3657 | D:7      | Gained mutation: You are very weak. (Str -4) [mutagenic meat]
  3778 | D:7      | Reached ** piety under Cheibriados
  4037 | D:8      | Reached XP level 10. HP: 63/69 MP: 13/13
  4106 | D:8      | Found a sacrificial altar of Ru.
  4115 | D:8      | Found a shadowy altar of Dithmenos.
  4115 | D:8      | Found a glowing silver altar of Zin.
  4121 | D:8      | Found a shattered altar of Ashenzari.
  4201 | D:8      | Reached skill level 1 in Invocations
  4224 | D:8      | Learned a level 3 spell: Stone Arrow
  4240 | D:8      | Noticed a cyclops
  4255 | D:8      | Killed a cyclops
  4255 | D:8      | Reached skill level 1 in Earth Magic
  4257 | D:8      | Reached *** piety under Cheibriados
  4295 | D:8      | Learned a level 4 spell: Animate Dead
  4320 | D:8      | Noticed a kobold demonologist
  4332 | D:8      | Killed a kobold demonologist
  4585 | D:8      | Reached skill level 1 in Shields
  4695 | D:9      | Noticed kwasso's ghost (novice HEWz)
  4740 | D:9      | Killed kwasso's ghost
  4823 | D:9      | Found a staircase to the Orcish Mines.
  4839 | D:9      | Reached **** piety under Cheibriados
  4863 | D:9      | Found an ancient bone altar of Kikubaaqudgha.
  4899 | D:9      | Reached XP level 11. HP: 53/75 MP: 4/14
  4996 | D:10     | Entered Level 10 of the Dungeon
  5030 | D:10     | Reached skill level 5 in Invocations
  5092 | D:10     | Noticed a hill giant
  5107 | D:10     | Killed a hill giant
  5144 | D:10     | Reached ***** piety under Cheibriados
  5169 | D:10     | Noticed a cyclops
  5181 | D:11     | Found a staircase to the Lair.
  5220 | D:11     | Noticed a white ugly thing
  5255 | D:11     | Noticed a cyclops
  5267 | D:11     | Noticed sheala's ghost (journeyman DEEn)
  5289 | D:11     | Killed sheala's ghost
  5289 | D:11     | Reached skill level 10 in Unarmed Combat
  5345 | D:12     | Noticed a brown ugly thing
  5356 | D:12     | Killed a brown ugly thing
  5356 | D:12     | Reached skill level 5 in Earth Magic
  5478 | D:12     | Found a frozen archway.
  5514 | IceCv    | Entered an ice cave
  5612 | IceCv    | Reached skill level 5 in Shields
  5737 | IceCv    | Reached skill level 1 in Charms
  5821 | IceCv    | Reached skill level 2 in Charms
  5862 | IceCv    | Noticed a death yak
  5885 | IceCv    | Killed a death yak
  5885 | IceCv    | Reached skill level 5 in Necromancy
  6025 | IceCv    | Reached XP level 12. HP: 76/81 MP: 13/16
  6036 | IceCv    | Reached skill level 3 in Charms
  6121 | IceCv    | Noticed a frost giant
  6121 | IceCv    | Noticed a death yak
  6121 | IceCv    | Noticed a death yak
  6164 | IceCv    | Killed a frost giant
  6164 | IceCv    | Reached skill level 4 in Charms
  6169 | IceCv    | Killed a death yak
  6172 | IceCv    | HP: 3/81 [death yak (24)]
  6178 | IceCv    | Killed a death yak
  6257 | IceCv    | Got an ancient ruby amulet
  6258 | IceCv    | Identified the amulet of the Devil's Advocate {Gourm rN+++ Str-3 Dex+4} (You found it in an ice cave)
  6366 | D:12     | Found a portal to a secret trove of treasure.
  6414 | D:12     | Gained mutation: Scrolls take you a little longer to read. [potion of mutation]
  6414 | D:12     | Gained mutation: You occasionally shout uncontrollably at your foes. [potion of mutation]
  6414 | D:12     | Gained mutation: One of your tentacles bears a spike. [potion of mutation]
  6462 | D:12     | Got a crystal dagger
  6581 | D:14     | Found a shattered altar of Ashenzari.
  6595 | D:13     | Noticed a centaur warrior
  6607 | D:13     | Killed a centaur warrior
  6722 | D:13     | Found a gate to the Vaults.
  6722 | D:13     | Noticed a vault guard
  6722 | D:13     | Noticed a vault guard
  6722 | D:13     | Noticed a vault guard
  6722 | D:13     | Noticed a vault guard
  6722 | D:13     | Noticed a vault guard
  6723 | D:13     | Noticed a vault guard
  6723 | D:13     | Noticed a vault guard
  6724 | D:13     | Noticed a vault guard
  6734 | D:13     | Killed a vault guard
  6741 | D:13     | Killed a vault guard
  6752 | D:13     | Killed a vault guard
  6752 | D:13     | Reached skill level 10 in Shields
  6770 | D:13     | Killed a vault guard
  6782 | D:13     | Killed a vault guard
  6782 | D:13     | Reached XP level 13. HP: 38/86 MP: 2/17
  6791 | D:13     | Killed a vault guard
  6811 | D:13     | Killed a vault guard
  6831 | D:13     | Killed a vault guard
  7162 | D:11     | Found an ancient bone altar of Kikubaaqudgha.
  7262 | D:11     | Gained mutation: You are mostly covered in icy blue scales. (AC +3) [mutagenic meat]
  7263 | D:11     | Gained mutation: Your magical capacity is low. (-10% MP) [mutagenic meat]
  7264 | D:11     | Gained mutation: You are covered in fur. (AC +1) [mutagenic meat]
  7265 | D:11     | Lost mutation: Your mind is acute. (Int +2) [mutagenic meat]
  7556 | Lair:1   | Entered Level 1 of the Lair of Beasts
  7844 | Lair:2   | Noticed Gastronok
  7924 | Lair:2   | Noticed Urug
  7940 | Lair:2   | Killed Urug
  8099 | Lair:2   | Found a staircase to the Shoals.
  8804 | Lair:2   | Killed Gastronok
  8841 | Lair:2   | great, gastronome gave me mr 2ac hat!
  8990 | Lair:4   | Reached XP level 14. HP: 76/92 MP: 17/17
  9152 | Lair:4   | Gained mutation: Scrolls take you longer to read. [potion of mutation]
  9152 | Lair:4   | Lost mutation: You possess an exceptional clarity of mind. [potion of mutation]
  9397 | Lair:4   | Learned a level 3 spell: Mephitic Cloud
  9454 | Lair:5   | Reached skill level 1 in Air Magic
  9484 | Lair:5   | Lost mutation: Your magical capacity is low. (-10% MP) [potion of mutation]
  9484 | Lair:5   | Lost mutation: You are very weak. (Str -4) [potion of mutation]
  9510 | Lair:5   | Gained mutation: You are resistant to hostile enchantments. (MR+) [potion of mutation]
  9583 | Lair:5   | Reached skill level 1 in Conjurations
  9706 | Lair:5   | Found a runed door.
  9760 | Lair:5   | Reached ****** piety under Cheibriados
  9878 | Lair:6   | Entered Level 6 of the Lair of Beasts
 10137 | Lair:6   | Found a large runed door.
 10137 | Lair:6   | Found a large runed door.
 10456 | Lair:6   | Lost mutation: One of your tentacles bears a spike. [potion of mutation]
 10498 | Lair:6   | Reached XP level 15. HP: 70/97 MP: 21/21
 10668 | Lair:5   | Found a staircase to the Slime Pits.
 11051 | Lair:3   | Found a hole to the Spider Nest.
 11283 | Orc:1    | Entered Level 1 of the Orcish Mines
 11474 | Orc:1    | Learned a level 6 spell: Statue Form
 11541 | Orc:2    | Entered Level 2 of the Orcish Mines
 11571 | Orc:2    | Reached skill level 1 in Transmutations
 11623 | Orc:2    | Found a staircase to the Elven Halls.
 11708 | Orc:2    | Reached skill level 10 in Earth Magic
 11710 | Orc:2    | Found Erunuu's Assorted Antiques.
 11710 | Orc:2    | Found Edosche's Magic Scroll Boutique.
 11713 | Orc:2    | Reached skill level 5 in Spellcasting
 11778 | Orc:2    | Bought a scintillating brass amulet for 175 gold pieces
 11780 | Orc:2    | Found Radgh's Book Emporium.
 11781 | Orc:2    | Found Fobaqyub's Magic Scroll Emporium.
 11783 | Orc:2    | Bought a scroll of blinking for 105 gold pieces
 11810 | Orc:2    | Bought a scroll of blinking for 127 gold pieces
 11810 | Orc:2    | Bought a scroll of fear for 59 gold pieces
 11810 | Orc:2    | Bought a scroll of teleportation for 51 gold pieces
 11810 | Orc:2    | Bought a scroll of torment for 127 gold pieces
 11810 | Orc:2    | Bought a scroll of teleportation for 51 gold pieces
 11816 | Orc:2    | Bought a scroll of fog for 28 gold pieces
 11816 | Orc:2    | Bought a scroll of fog for 28 gold pieces
 11816 | Orc:2    | Bought a scroll of enchant armour for 105 gold pieces
 11816 | Orc:2    | Bought a scroll of enchant armour for 105 gold pieces
 11834 | Orc:2    | Bought a scroll of identify for 34 gold pieces
 11834 | Orc:2    | Bought a scroll of identify for 34 gold pieces
 11838 | Orc:2    | Identified the amulet "Tudocixt" {Spirit Str+3 Stlth+} (You bought it in a shop on level 2 of the Orcish Mines)
 12090 | D:13     | Learned a level 2 spell: Shroud of Golubria
 12362 | D:14     | Gained mutation: Your body sometimes deteriorates upon taking damage. [mutagenic meat]
 12446 | D:15     | Entered Level 15 of the Dungeon
 12480 | D:15     | Reached skill level 5 in Transmutations
 12553 | D:15     | Lost mutation: You occasionally shout uncontrollably at your foes. [mutagenic meat]
 12554 | D:15     | Lost mutation: Scrolls take you longer to read. [mutagenic meat]
 12560 | D:15     | Gained mutation: Your flesh is heat resistant. (rF+) [mutagenic meat]
 12565 | D:15     | Gained mutation: You are frail. (-10% HP) [mutagenic meat]
 12567 | D:15     | Gained mutation: You are highly resistant to hostile enchantments. (MR++) [mutagenic meat]
 12568 | D:15     | Gained mutation: You possess an exceptional clarity of mind. [mutagenic meat]
 12569 | D:15     | Lost mutation: You are frail. (-10% HP) [mutagenic meat]
 12575 | D:15     | Lost mutation: You are agile. (Dex +2) [mutagenic meat]
 12700 | D:15     | Gained mutation: Your magical capacity is low. (-10% MP) [mutagenic meat]
 12702 | D:15     | Gained mutation: Your magical capacity is very low. (-20% MP) [mutagenic meat]
 12703 | D:15     | Gained mutation: You are very weak. (Str -4) [mutagenic meat]
 12974 | D:15     | Reached XP level 16. HP: 85/103 MP: 1/19
 13036 | D:15     | Found a staircase to the Depths.
 13059 | Depths:1 | Entered Level 1 of the Depths
 13330 | Spider:1 | Entered Level 1 of the Spider Nest
 13341 | Spider:1 | Noticed droidenko's ghost (adept MiFi)
 13350 | Spider:1 | Killed droidenko's ghost
 13623 | Spider:2 | Noticed Arachne
 13642 | Spider:2 | Killed Arachne
 13697 | Spider:2 | Gained mutation: Your body often deteriorates upon taking damage. [mutagenic glow]
 13879 | Spider:2 | Lost mutation: Your magical capacity is very low. (-20% MP) [mutagenic meat]
 13933 | Spider:2 | HP: 1/133 [emperor scorpion (10)]
 14242 | Spider:4 | Entered Level 4 of the Spider Nest
 14245 | Spider:4 | Reached skill level 10 in Transmutations
 14335 | Spider:4 | Reached XP level 17. HP: 108/108 MP: 10/22
 14642 | Spider:4 | Lost mutation: Your magical capacity is low. (-10% MP) [mutagenic meat]
 14747 | Spider:4 | Got a gossamer rune of Zot
 15052 | Lair:3   | Reached skill level 15 in Shields
 15127 | Shoals:1 | Entered Level 1 of the Shoals
 15545 | Shoals:3 | Noticed Bai Suzhen
 15597 | Shoals:3 | Reached skill level 5 in Charms
 15603 | Shoals:3 | Noticed Polyphemus
 15800 | Shoals:3 | Reached skill level 5 in Air Magic
 15845 | Shoals:3 | Killed Polyphemus
 15870 | Shoals:4 | Entered Level 4 of the Shoals
 15882 | Shoals:4 | Noticed donomii's ghost (adept TrMo)
 15896 | Shoals:4 | Killed donomii's ghost
 16126 | Shoals:4 | Reached XP level 18. HP: 116/116 MP: 23/26
 16151 | Shoals:4 | Got a twisted buckler
 16154 | Shoals:4 | Identified the cursed +0 buckler of Distant Shores {MR+ Dex+5 Slay+3} (You found it on level 4 of the Shoals)
 16282 | Shoals:4 | Noticed Ilsuiw
 16296 | Shoals:4 | Killed Ilsuiw
 16348 | Shoals:4 | Reached skill level 6 in Charms
 16405 | Shoals:4 | Got a barnacled rune of Zot
 17023 | Elf:1    | Entered Level 1 of the Elven Halls
 17117 | Elf:1    | Found Bibb's Jewellery Emporium.
 17177 | Elf:1    | Found Ystruh's Distillery.
 17188 | Elf:1    | Bought a potion of might for 48 gold pieces
 17188 | Elf:1    | Bought a potion of heal wounds for 60 gold pieces
 17188 | Elf:1    | Bought a potion of curing for 36 gold pieces
 17188 | Elf:1    | Bought a potion of curing for 36 gold pieces
 17250 | Elf:1    | Lost mutation: Your flesh is heat resistant. (rF+) [a neqoxec]
 17376 | Elf:1    | Reached skill level 7 in Charms
 17435 | Elf:3    | Entered Level 3 of the Elven Halls
 17681 | Elf:3    | Reached XP level 19. HP: 122/122 MP: 19/29
 17784 | Elf:3    | Noticed a Hell Sentinel
 17788 | Elf:3    | Noticed a Hell Sentinel
 17809 | Elf:3    | Reached skill level 8 in Charms
 17940 | Elf:3    | Got a dazzling whip {holy}
 17973 | Elf:3    | Got a wavering pewter ring
 18010 | Elf:3    | Learned a level 6 spell: Deflect Missiles
 18023 | Elf:3    | Identified the Papyrus of the Quantum Escort
 18038 | Elf:3    | Identified the Tome of the Oath
 18059 | Elf:3    | Identified a +3 rod of shadows (3/13) (You took it off a deep elf high priest on level 3 of the Elven Halls)
 18123 | Elf:3    | Identified the +10 whip of Extermination {holy, rElec rPois Int+8 Dex-2} (You took it off a deep elf annihilator on level 3 of the Elven Halls)
 18233 | Elf:3    | Learned a level 4 spell: Summon Lightning Spire
 18236 | Elf:3    | Identified the ring "Buvolit" {Int+2 Dex+8 Stlth+} (You took it off a deep elf elementalist on level 3 of the Elven Halls)
 18383 | Elf:2    | Noticed Donald
 18391 | Elf:2    | Killed Donald
 18485 | Elf:1    | Bought a +5 ring of strength for 659 gold pieces
 18701 | Vaults:1 | Entered Level 1 of the Vaults
 19105 | Vaults:1 | Reached skill level 9 in Charms
 19115 | Vaults:1 | Reached skill level 1 in Evocations
 19115 | Vaults:1 | Reached XP level 20. HP: 129/129 MP: 32/32
 19611 | Vaults:2 | Noticed eXcel's ghost (adept GrEE)
 19632 | Vaults:2 | Killed eXcel's ghost
 19839 | Vaults:3 | Identified Demaga's Handbook of Mutagenic Calling
 19848 | Vaults:3 | Learned a level 5 spell: Summon Forest
 19982 | Vaults:4 | Reached skill level 1 in Translocations
 20089 | Vaults:4 | Reached skill level 5 in Evocations
 20124 | Vaults:4 | Lost mutation: You possess an exceptional clarity of mind. [mutagenic meat]
 20261 | Vaults:5 | Entered Level 5 of the Vaults
 20389 | Vaults:4 | Reached XP level 21. HP: 136/136 MP: 31/34
 20421 | Vaults:5 | Reached skill level 10 in Fighting
 20458 | Vaults:5 | Reached skill level 10 in Dodging
 20477 | Vaults:5 | Noticed a golden dragon
 20534 | Vaults:5 | Reached skill level 5 in Translocations
 20541 | Vaults:4 | Killed a golden dragon
 20674 | Vaults:5 | Got a silver rune of Zot
 20692 | Vaults:5 | Noticed a caustic shrike
 20692 | Vaults:5 | a caustic shrike changed into a titan
 20693 | Vaults:5 | Noticed a shard shrike
 20693 | Vaults:5 | a titan changed into a shard shrike
 20693 | Vaults:5 | Noticed a juggernaut
 20693 | Vaults:5 | a shard shrike changed into a juggernaut
 20694 | Vaults:5 | Noticed a caustic shrike
 20694 | Vaults:5 | a juggernaut changed into a caustic shrike
 20694 | Vaults:5 | a caustic shrike changed into an iron dragon
 20695 | Vaults:5 | Noticed a caustic shrike
 20695 | Vaults:5 | an iron dragon changed into a caustic shrike
 20696 | Vaults:5 | a caustic shrike changed into an iron giant
 20703 | Vaults:5 | Noticed a golden dragon
 20703 | Vaults:5 | an iron dragon changed into a golden dragon
 20704 | Vaults:5 | a golden dragon changed into an iron giant
 20714 | Vaults:5 | Gained mutation: Your spells are a little easier to cast, but a little less powerful. [mutagenic meat]
 20932 | Vaults:5 | Identified the Volume of Combat Magic and Transmigration
 21017 | Vaults:5 | Reached XP level 22. HP: 109/144 MP: 33/35
 21290 | Vaults:5 | Reached skill level 10 in Evocations
 21643 | Vaults:3 | Noticed Jorgrun
 21644 | Vaults:3 | Noticed Mennas
 21722 | Vaults:3 | Killed Mennas
 21988 | Vaults:1 | Lost mutation: You are mostly covered in icy blue scales. (AC +3) [mutagenic meat]
 22377 | Depths:1 | You fall through a shaft!
 22379 | Depths:2 | Paralysed by a floating eye for 4 turns
 22383 | Depths:2 | Paralysed by a floating eye for 2 turns
 22470 | Depths:2 | Gained mutation: You are agile. (Dex +2) [mutagenic meat]
 22472 | Depths:2 | Lost mutation: Your body often deteriorates upon taking damage. [mutagenic meat]
 22566 | Depths:2 | Gained mutation: You are mostly covered in icy blue scales. (AC +3) [potion of beneficial mutation]
 22581 | Depths:2 | Identified the Compendium of Orientation
 22603 | Depths:2 | Found Duqaxeck's Gadget Emporium.
 22654 | Depths:2 | Paralysed by a floating eye for 2 turns
 22702 | Depths:2 | Found a gateway to Hell.
 22767 | Depths:2 | Reached XP level 23. HP: 152/152 MP: 33/36
 22776 | Depths:2 | Got a transparent golden ring
 22778 | Depths:2 | Identified the cursed ring of Fun {rC++ AC-3 Str+3 Stlth-} (You took it off a naga mage on level 2 of the Depths)
 22824 | Depths:2 | Lost mutation: You are very weak. (Str -4) [mutagenic meat]
 22891 | Depths:2 | Found a one-way gate to the infinite horrors of the Abyss.
 22988 | Depths:2 | Found Vohegiat's Antique Armour Emporium.
 23115 | Depths:2 | Found Raocw's Book Emporium.
 23183 | Depths:2 | Learned a level 4 spell: Passage of Golubria
 23208 | Depths:3 | Found Ticzyap's Weapon Boutique.
 23212 | Depths:3 | Found Hacemuam's Antique Armour Shop.
 23367 | Depths:3 | Lost mutation: Scrolls take you a little longer to read. [mutagenic meat]
 23368 | Depths:3 | Lost mutation: You are highly resistant to hostile enchantments. (MR++) [mutagenic meat]
 23401 | Depths:3 | Noticed a caustic shrike
 23406 | Depths:3 | Killed a caustic shrike
 23408 | Depths:3 | Reached skill level 10 in Stealth
 23656 | Depths:3 | Found a gateway to a ziggurat.
 23964 | Depths:4 | Noticed Boris
 23972 | Depths:4 | Reached skill level 10 in Translocations
 23983 | Depths:4 | Killed Boris
 24125 | Depths:4 | Gained mutation: You are somewhat resistant to further mutation. [potion of beneficial mutation]
 24164 | Depths:4 | Identified a +3 rod of shadows (11/11) (You found it on level 4 of the Depths)
 24320 | Depths:4 | Reached XP level 24. HP: 159/159 MP: 31/36
 24348 | Depths:4 | Got a coiled copper ring
 24350 | Depths:4 | Identified the ring "Poeckirgh" {rCorr rF+ Dex+4} (You found it on level 4 of the Depths)
 24516 | Depths:4 | Found an iron altar of Okawaru.
 24541 | Depths:5 | Entered Level 5 of the Depths
 24631 | Depths:5 | Paralysed by a floating eye for 2 turns
 24662 | Depths:5 | Noticed a juggernaut
 24674 | Depths:5 | Killed a juggernaut
 24738 | Depths:5 | Lost mutation: You are weak. (Str -2) [mutagenic meat]
 24742 | Depths:5 | Lost mutation: Your spells are a little easier to cast, but a little less powerful. [mutagenic meat]
 24800 | Depths:5 | Found a gate to the Realm of Zot.
 24958 | Depths:5 | Gained mutation: You tend to lose your temper in combat. [mutagenic meat]
 24961 | Depths:5 | Gained mutation: One of your tentacles bears a spike. [mutagenic meat]
 25413 | Depths:1 | Gained mutation: Your spells are a little harder to cast, but a little more powerful. [mutagenic meat]
 25640 | Depths:2 | Got a pitted lead ring
 25644 | Depths:2 | Identified the ring of Temptation {rPois rF+ rN+ Str-4 Stlth+} (You found it on level 2 of the Depths)
 25789 | Depths:2 | Got a clouded lapis lazuli ring
 25791 | Depths:2 | Identified the ring of Kehumi Topp {rC+ rN++ Int+6 Dex-3 SInv} (You found it on level 2 of the Depths)
 25857 | Depths:1 | Noticed Saint Roka
 25882 | Depths:1 | Killed Saint Roka
 25882 | Depths:1 | Reached XP level 25. HP: 167/167 MP: 35/36
 26067 | D:13     | Learned a level 5 spell: Lee's Rapid Deconstruction
 26298 | Vaults:3 | Reached skill level 10 in Spellcasting
 26347 | Vaults:3 | Killed Jorgrun
 26436 | Vaults:3 | Lost mutation: You are resistant to hostile enchantments. (MR+) [mutagenic meat]
 26440 | Vaults:3 | Lost mutation: You are agile. (Dex +2) [mutagenic meat]
 26449 | Vaults:3 | Gained mutation: You passively map a small area around you. [mutagenic meat]
 26556 | Vaults:3 | Found a staircase to the Crypt.
 26573 | Crypt:1  | Entered Level 1 of the Crypt
 26790 | Crypt:3  | Entered Level 3 of the Crypt
 26845 | Crypt:3  | Reached skill level 10 in Charms
 26989 | Crypt:3  | Reached skill level 11 in Charms
 27089 | Crypt:3  | Found an ancient bone altar of Kikubaaqudgha.
 27089 | Crypt:3  | Noticed an ancient lich
 27093 | Crypt:3  | Killed an ancient lich
 27145 | Crypt:3  | Got a coiled jade amulet
 27146 | Crypt:3  | Identified the amulet "Xaomniq" {Spirit rC- rN++ Dex+4 SInv} (You found it on level 3 of the Crypt)
 27641 | Vaults:3 | Reached skill level 12 in Charms
 27644 | Vaults:3 | Reached skill level 10 in Air Magic
 28420 | Slime:1  | Entered Level 1 of the Pits of Slime
 28539 | Slime:5  | Entered Level 5 of the Pits of Slime
 28664 | Slime:5  | Found a viscous altar of Jiyva.
 28666 | Slime:5  | Noticed the Royal Jelly
 28667 | Slime:5  | Reached XP level 26. HP: 173/173 MP: 28/39
 28692 | Slime:5  | Reached skill level 13 in Charms
 28693 | Slime:5  | Killed the Royal Jelly
 28725 | Slime:5  | Got a brightly glowing granite ring
 28726 | Slime:5  | Identified the ring "Vomas" {Fire Int+4} (You found it on level 5 of the Pits of Slime)
 28749 | Slime:5  | Learned a level 6 spell: Iron Shot
 28773 | Slime:5  | Got a slimy rune of Zot
 28775 | Slime:5  | Got a pitted turquoise ring
 28777 | Slime:5  | Identified the ring "Bainy" {rN+ Stlth+} (You found it on level 5 of the Pits of Slime)
 28809 | Slime:5  | Got a smoking golden ring
 28812 | Slime:5  | Identified the ring of Ohefiak {*Tele Dex+5} (You found it on level 5 of the Pits of Slime)
 28817 | Slime:5  | Got an ancient lapis lazuli ring
 28818 | Slime:5  | Identified the ring "Molod Mynk" {Ice rElec rPois rN+ MR++ Dex-2} (You found it on level 5 of the Pits of Slime)
 29337 | Hell     | Entered the Vestibule of Hell
 29337 | Hell     | Noticed Geryon
 29354 | Depths:1 | Reached skill level 14 in Charms
 29652 | Hell     | Killed Geryon
 29652 | Hell     | Reached skill level 15 in Charms
 29708 | Hell     | Found a gateway to the freezing wastes of Cocytus.
 29857 | Hell     | Found a gateway to the decaying netherworld of Tartarus.
 29887 | Tar:1    | Entered Level 1 of Tartarus
 29962 | Tar:1    | Reached skill level 16 in Charms
 30114 | Tar:2    | Reached skill level 17 in Charms
 30302 | Tar:5    | Reached XP level 27. HP: 175/175 MP: 40/40
 30342 | Tar:7    | Entered Level 7 of Tartarus
 30407 | Tar:7    | Reached skill level 15 in Translocations
 30428 | Tar:7    | Reached skill level 18 in Charms
 30671 | Tar:7    | Identified a +3 rod of clouds (11/11) (You found it on level 7 of Tartarus)
 30675 | Tar:7    | Got a scintillating tin amulet
 30676 | Tar:7    | Identified the amulet "Qell" {Harm *Drain rElec} (You found it on level 7 of Tartarus)
 30678 | Tar:7    | Identified the Handbook of Evolution
 30733 | Tar:7    | Reached skill level 19 in Charms
 30736 | Tar:7    | Reached skill level 15 in Unarmed Combat
 30930 | Tar:7    | Noticed Ereshkigal
 30955 | Tar:7    | Killed Ereshkigal
 30997 | Tar:7    | Got a bone rune of Zot
 31563 | Vaults:2 | Gained mutation: You passively map the area around you. [mutagenic meat]
 31716 | Crypt:2  | Learned a level 8 spell: Controlled Blink
 32205 | Hell     | Found a gateway to the Iron City of Dis.
 32241 | Coc:1    | Entered Level 1 of Cocytus
 32283 | Coc:1    | Reached skill level 20 in Charms
 32789 | Coc:5    | Reached skill level 15 in Spellcasting
 32826 | Coc:7    | Entered Level 7 of Cocytus
 33053 | Coc:7    | Reached skill level 15 in Dodging
 33116 | Coc:7    | Noticed Antaeus
 33222 | Coc:7    | HP: 4/230 [Antaeus (11)]
 33225 | Coc:7    | Killed from afar by Antaeus

Skill      XL: |  1  2  3  4  5  6  7  8  9 10 11 12 13 14 15 16 17 18 19 20 21 22 23 24 25 26 27 |
---------------+----------------------------------------------------------------------------------+-----
Unarmed Combat | 1 2 3 4 5 7 8 9 10 11 12 13 14 17 | 17.2
Stealth        | 3 5 6 7 8 11 14 | 14.1
Fighting       | 1 4 6 7 8 9 10 11 12 14 | 14.0
Dodging        | 4 6 7 8 9 10 11 12 15 | 15.3
Invocations    | 4 6 8 |  8.2
Earth Magic    | 4 5 6 8 9 11 13 14 | 14.4
Shields        | 2 6 10 13 14 15 16 17 18 19 | 19.6
Charms         | 2 4 5 7 9 12 17 20 | 20.2
Necromancy     | 5 6 |  6.4
Air Magic      | 4 5 7 8 9 10 | 10.8
Conjurations   | 3 |  3.5
Spellcasting   | 5 7 8 9 12 13 15 | 15.0
Transmutations | 6 10 12 13 | 13.1
Evocations     | 1 6 9 11 | 11.7
Translocations | 3 6 8 10 12 13 14 16 | 16.3

Action                   |  1- 3 |  4- 6 |  7- 9 | 10-12 | 13-15 | 16-18 | 19-21 | 22-24 | 25-27 || total
-------------------------+-------+-------+-------+-------+-------+-------+-------+-------+-------++-------
Melee: Unarmed           |    33 |    74 |   259 |   523 |  1152 |   782 |   700 |  1034 |  1875 ||  6432
       Constrict         |    11 |     9 |    51 |    57 |   146 |   154 |   134 |   137 |   293 ||   992
       Tentacles         |     3 |    16 |    48 |   203 |   554 |   319 |   294 |   388 |   719 ||  2544
       Punch             |       |       |    36 |    84 |   200 |   113 |   118 |   220 |   428 ||  1199
       Kick              |       |       |       |    84 |   546 |       |       |   136 |  1142 ||  1908
       Whip              |       |       |       |       |       |       |     3 |       |       ||     3
 Fire: Blowgun           |       |       |       |     1 |       |       |       |       |     4 ||     5
 Cast: Pain              |    54 |     3 |     5 |     6 |     7 |       |       |       |       ||    75
       Regeneration      |     6 |    16 |    37 |    73 |    81 |    38 |    29 |    27 |    73 ||   380
       Animate Skeleton  |     1 |       |    23 |    32 |    52 |    14 |       |       |       ||   122
       Sandblast         |       |       |     1 |     1 |       |       |       |       |       ||     2
       Animate Dead      |       |       |       |     7 |    27 |    39 |    22 |    22 |     9 ||   126
       Mephitic Cloud    |       |       |       |       |     6 |     8 |     7 |     4 |     1 ||    26
       Statue Form       |       |       |       |       |     7 |    58 |    37 |    53 |    77 ||   232
       Stone Arrow       |       |       |       |       |       |     2 |     2 |     1 |       ||     5
       Deflect Missiles  |       |       |       |       |       |       |     2 |     1 |     3 ||     6
       Shroud of Golubri |       |       |       |       |       |       |    10 |     2 |     4 ||    16
       Lee's Rapid Decon |       |       |       |       |       |       |       |       |     3 ||     3
       Summon Lightning  |       |       |       |       |       |       |       |       |     9 ||     9
       Summon Forest     |       |       |       |       |       |       |       |       |     8 ||     8
       Iron Shot         |       |       |       |       |       |       |       |       |    10 ||    10
Invok: Slouch            |       |       |       |     6 |     6 |     9 |     4 |       |    20 ||    45
       Temporal Distorti |       |       |       |       |     1 |       |       |       |       ||     1
Evoke: Wand              |       |     3 |       |     8 |    10 |     4 |     2 |     4 |     1 ||    32
       Fan of gales      |       |       |       |       |       |       |       |       |     1 ||     1
       Rod               |       |       |       |       |       |       |       |       |     2 ||     2
       Horn of Geryon    |       |       |       |       |       |       |       |       |     1 ||     1
  Use: Scroll            |     1 |     2 |     5 |    11 |    18 |    14 |     7 |    16 |    16 ||    90
       Potion            |       |     2 |     6 |    19 |     8 |     5 |     1 |     2 |     2 ||    45
 Stab: Sleeping          |     3 |     4 |    15 |    20 |    22 |    11 |    11 |    30 |    19 ||   135
       Held in net/web   |       |     2 |       |       |       |       |       |       |       ||     2
       Distracted        |       |       |     1 |     8 |    20 |    18 |    12 |    23 |    16 ||    98
       Confused          |       |       |       |       |     3 |     8 |     6 |     6 |       ||    23
       Invisible         |       |       |       |       |       |     1 |       |       |       ||     1
  Eat: Chunk             |     1 |     5 |    15 |     9 |    55 |    36 |    14 |    44 |    20 ||   199
       Beef jerky        |       |     1 |       |       |       |       |       |       |       ||     1
       Meat ration       |       |     1 |     1 |     1 |     1 |     1 |     3 |     4 |     3 ||    15
       Royal jelly       |       |       |       |     1 |       |     1 |       |     1 |       ||     3
       Bread ration      |       |       |       |       |       |     5 |       |       |     3 ||     8
       Pizza             |       |       |       |       |       |     4 |     2 |     1 |     1 ||     8
Armor: Skin              |     6 |    11 |     6 |    63 |   138 |   505 |   192 |   183 |   533 ||  1637
Dodge: Dodged            |    25 |    33 |   141 |   324 |   485 |   850 |   493 |   807 |  2102 ||  5260
       Deflected         |       |       |       |       |       |       |    20 |     9 |    14 ||    43
Block: Other             |       |       |    29 |    69 |    25 |    31 |       |       |       ||   154
       Large shield      |       |       |       |    92 |  1365 |  1826 |  1457 |  2145 |  4669 || 11554
       Reflection        |       |       |       |       |       |   171 |   111 |    94 |    85 ||   461
